 Dungeon Crawl Stone Soup version 0.20.1-1-g8b1a95d (webtiles) character file.

144 Folque the Charmwright (level 5, -20/42 HPs)
             Began as a Barachi Skald on Nov 2, 2017.
             Demolished by an ogre
             ... wielding a cursed -2 giant spiked club
              (33 damage)
             ... on level 4 of the Dungeon.
             The game lasted 00:15:30 (3320 turns).

Folque the Charmwright (Barachi Skald)              Turns: 3320, Time: 00:15:31

Health: -20/42     AC:  3    Str: 12    XL:     5   Next: 26%
Magic:  3/10       EV: 12    Int: 14    God:
Gold:   183        SH:  0    Dex: 12    Spells: 6/11 levels left

rFire    + . .     SeeInvis .   a - +0 falchion
rCold    . . .     Gourm    .   (no shield)
rNeg     . . .     Faith    .   k - +0 leather armour {rF+}
rPois    .         Spirit   .   (no helmet)
rElec    .         Reflect  .   (no cloak)
rCorr    +         Harm     .   (no gloves)
MR       .....                  (no boots)
Stlth    +.........             h - amulet of rage
Regen    0.2/turn               o - ring of resist corrosion
MPRegen  0.2/turn               (no ring)

@: shrouded, singing, slow
A: +LOS, swims, slowness 1, strong legs 1
a: Hop, Evoke Berserk Rage


You were on level 4 of the Dungeon.
You were not hungry.

You visited 1 branch of the dungeon, and saw 4 of its levels.

You collected 183 gold pieces.

Inventory:

Hand Weapons
 a - a +0 falchion (weapon)
Armour
 b - a +0 leather armour
 k - a +0 leather armour of fire resistance (worn)
Jewellery
 h - an amulet of rage (around neck)
 o - a ring of resist corrosion (left hand)
Scrolls
 l - a scroll of magic mapping {unknown}
 m - a scroll of remove curse
 n - 2 scrolls of enchant armour {unknown}
 p - a scroll of immolation {unknown}
 q - a scroll of fear {unknown}
 r - a scroll of amnesia {unknown}
 s - a scroll of random uselessness {unknown}
Potions
 e - a potion of invisibility
 i - a potion of might
 j - 4 potions of curing
 t - a potion of magic {unknown}
Books
 c - a book of Battle

   Spells                             Type                      Level
   a - Infusion                       Charms                       1
   b - Shroud of Golubria             Charms/Translocation         2
   c - Song of Slaying                Charms                       2
   d - Spectral Weapon                Hexes/Charms                 3
   e - Regeneration                   Charms/Necromancy            3
Comestibles
 d - 7 bread rations
 f - 8 fruits
 g - a meat ration


   Skills:
 - Level 4.0 Fighting
 - Level 2.4 Long Blades
 - Level 1.2 Armour
 - Level 2.1 Dodging
 + Level 3.6 Spellcasting
 * Level 4.4 Charms


You had 6 spell levels left.
You knew the following spells:

 Your Spells              Type           Power        Failure   Level  Hunger
a - Infusion              Chrm           ###.         4%          1    None
b - Shroud of Golubria    Chrm/Tloc      #.........   16%         2    ##.....
c - Song of Slaying       Chrm           ###.....     6%          2    ##.....


Dungeon Overview and Level Annotations

Branches:
Dungeon (4/15)
 Temple: D:4-7

Altars:


Innate Abilities, Weirdness & Mutations

Shadows flee at your approach. (+LOS)
You can swim through water.
You cover ground slowly.
You can hop short distances.


Message History

The ogre is heavily wounded.
Casting: Song of Slaying
Confirm with . or Enter, or press ? or * to list all spells.
Space distorts slightly along a thin shroud covering your body.
You hit the ogre but do no damage.
The ogre is heavily wounded.
The ogre closely misses you.
You hit the ogre.
The ogre is severely wounded.
The ogre hits you with a giant spiked club!
Your shroud falls apart!
Casting: Shroud of Golubria
Confirm with . or Enter, or press ? or * to list all spells.
Space distorts slightly along a thin shroud covering your body.
Your shroud bends the ogre's attack away!
You barely miss the ogre.
The ogre is severely wounded.
The ogre hits you with a giant spiked club!!
Ouch! That really hurt!
You die...

#.# #.# #..#.#######.#.#
##.###.###..#.........#.#
............#.#########..
.#########.##.####### ###
.# #.##.......# .#
#.##.#####.# ## #.##.## #
#.#...####.# #.....O@..)#
###...###..# ##.## [# #.#
.. #.# ## ..# .O# ...


You could see an ogre.

Vanquished Creatures
  5 adders
  2 worms
  3 dart slugs
  3 leopard geckos
  An orc (D:3)
  4 giant cockroaches
  8 goblins
  12 hobgoblins
  6 jackals
  3 quokkas (D:3)
  3 ball pythons
  9 bats
  7 frilled lizards
  5 kobolds
  A quokka zombie (D:3)
  7 rats
79 creatures vanquished.

Notes
Turn   | Place    | Note
-------+----------+-------------------------------------------
     0 | D:1      | Folque the Barachi Skald began the quest for the Orb.
     0 | D:1      | Reached XP level 1. HP: 17/17 MP: 3/3
   440 | D:1      | Reached XP level 2. HP: 23/23 MP: 5/5
   641 | D:1      | Learned a level 2 spell: Shroud of Golubria
   660 | D:1      | Learned a level 2 spell: Song of Slaying
  1088 | D:1      | Reached XP level 3. HP: 28/29 MP: 1/7
  1367 | D:2      | Reached XP level 4. HP: 37/37 MP: 2/8
  2301 | D:3      | Reached XP level 5. HP: 15/42 MP: 1/10
  2378 | D:3      | HP: 1/42 [worm (11)]
  3307 | D:4      | Noticed an ogre
  3320 | D:4      | Demolished by an ogre

Skill      XL: |  1  2  3  4 |
---------------+-------------+-----
Fighting       | 3 4 |  4.0
Spellcasting   | 3 |  3.6
Charms         | 4 |  4.4
Long Blades    | |  2.4
Armour         | |  1.2
Dodging        | |  2.1

Action                   |  1- 3 |  4- 6 || total
-------------------------+-------+-------++-------
Melee: Falchion          |   105 |   172 ||   277
 Cast: Infusion          |     1 |       ||     1
       Shroud of Golubri |    12 |    23 ||    35
       Song of Slaying   |     1 |     9 ||    10
  Use: Scroll            |     1 |     2 ||     3
       Potion            |       |     3 ||     3
 Stab: Distracted        |       |     1 ||     1
  Eat: Chunk             |     3 |     9 ||    12
Armor: Leather armour    |    41 |    30 ||    71
Dodge: Dodged            |    80 |   145 ||   225
       Rpst.: Falchion   |    28 |    49 ||    77
